 Dungeon Crawl Stone Soup version 0.16.1-11-g651b585 (webtiles) character file.

8309 KarvaRausku the Thaumaturge (level 11, -3/74 HPs)
             Began as a Grey Draconian Conjurer on Apr 7, 2015.
             Was a High Priest of Sif Muna.
             Slain by an ice beast (12 damage)
             ... summoned by an ice statue
             ... in an ice cave.
             The game lasted 01:04:23 (14972 turns).

KarvaRausku the Thaumaturge (DrCj)                 Turns: 14972, Time: 01:04:23

Health: -3/74      AC: 18    Str: 12    XL:     11   Next: 8%
Magic:  23/28      EV: 16    Int: 19    God:    Sif Muna [*****.]
Gold:   572        SH:  0    Dex: 17    Spells: 5 memorised, 13 levels left

rFire  . . .     SeeInvis .     x - +0 quarterstaff
rCold  . . .     Clarity  .     (armour unavailable)
rNeg   . . .     SustAb   .     (no shield)
rPois  .         Gourm    .     i - +2 hat {MR+}
rElec  .         Spirit   .     U - +1 cloak
rCorr  .         Warding  .     a - +0 pair of gloves
rMut   .         Stasis   .     S - +0 pair of boots
MR     +....                    (no amulet)
Stlth  +++.......               E - +2 ring of intelligence
                                q - +5 ring of dexterity

@: somewhat resistant to hostile enchantments, fairly stealthy
A: walk through water, unfitting armour, unbreathing, cold-blooded, AC +12
a: Channel Energy, Forget Spell, Renounce Religion


You were in an ice cave.
You worshipped Sif Muna.
Sif Muna was extremely pleased with you.
You were not hungry.

You visited 2 branches of the dungeon, and saw 12 of its levels.
You also visited: Bailey and Ice Cave.

You collected 572 gold pieces.

Inventory:

Hand weapons
 x - a +0 quarterstaff (weapon)
 y - a cursed -1 club
 P - a +0 scythe
 V - a +0 triple sword
 Y - the cursed +0 falchion of Sloth {freeze, rElec rC- rN+ Str+3 Dex+2, unknown}
   (You found it in a bailey)

   It has been specially enchanted to freeze those struck by it, causing extra
   injury to most foes and up to half again as much damage against particularly
   susceptible opponents.
   It can also slow down cold-blooded creatures.
   It affects your strength (+3).
   It affects your dexterity (+2).
   It makes you vulnerable to cold.
   It insulates you from electricity.
   It protects you from negative energy.
   It has a curse placed upon it.
Missiles
 p - 4 exploding sling bullets (quivered)
Armour
 a - a +0 pair of gloves (worn)
 i - a +2 hat of magic resistance (worn)
 v - the +0 buckler of Pleasant Breezes {Int+2 Dex+5, unknown}
   (You found it on level 5 of the Dungeon)

   It affects your intelligence (+2).
   It affects your dexterity (+5).
 S - a +0 pair of boots (worn)
 U - a +1 cloak (worn)
Jewellery
 q - a +5 ring of dexterity (left hand)
 E - a +2 ring of intelligence (right hand)
Magical devices
 s - a wand of invisibility (6)
 B - a wand of magic darts (1)
 L - a wand of magic darts (30)
 M - a wand of frost (12)
 N - a wand of random effects (28)
 R - a wand of frost (26)
 T - a wand of frost (12)
Scrolls
 e - 6 scrolls of identify
 g - 4 scrolls of enchant weapon
 h - 7 scrolls of recharging
 j - 2 scrolls of teleportation
 u - 7 scrolls of remove curse
 w - 4 scrolls of fog {unknown}
 A - 2 scrolls of blinking {unknown}
 D - 2 scrolls of enchant armour {unknown}
 F - 2 scrolls of amnesia {unknown}
 J - 2 scrolls of magic mapping {unknown}
 K - a scroll of immolation {unknown}
 Z - a scroll of vulnerability {unknown}
Potions
 f - 7 potions of curing
 k - a potion of flight {unknown}
 l - a potion of lignification {unknown}
 m - a potion of heal wounds
 o - 3 potions of brilliance {unknown}
 r - a potion of restore abilities {unknown}
 C - a potion of cure mutation {unknown}
 G - 2 potions of might {unknown}
 H - 2 potions of poison {unknown}
 I - a potion of mutation {unknown}
 O - 4 potions of haste {unknown}
 Q - a potion of berserk rage {unknown}
 X - 2 potions of agility {unknown}
Books
 c - a book of Conjurations

   Spells                             Type                      Level
   a - Magic Dart                     Conjuration                  1
   b - Searing Ray                    Conjuration                  2
   c - Dazzling Spray                 Conjuration/Hexes            3
   d - Fulminant Prism                Conjuration/Hexes            4
   e - Iskenderun's Mystic Blast      Conjuration                  4
   f - Iskenderun's Battlesphere      Conjuration/Charms           5
 W - a book of Clouds

   Spells                             Type                      Level
   a - Mephitic Cloud                 Conjuration/Poison/Air       3
   b - Conjure Flame                  Conjuration/Fire             3
   c - Poisonous Cloud                Conjuration/Poison/Air       6
   d - Freezing Cloud                 Conjuration/Ice/Air          6
   e - Ring of Flames                 Charms/Fire                  7
Miscellaneous
 z - a fan of gales
Comestibles
 b - 7 bread rations
 d - a chunk of flesh
 n - a meat ration
 t - 3 beef jerkies


   Skills:
 + Level 6.0 Dodging
 + Level 5.9 Stealth
 * Level 8.7 Spellcasting
 + Level 7.5 Conjurations
 + Level 5.2 Hexes
 + Level 6.9 Charms
 + Level 2.1 Fire Magic


You had 13 spell levels left.
You knew the following spells:

 Your Spells              Type           Power        Failure   Level  Hunger
a - Magic Dart            Conj           ####         1%          1    None
b - Searing Ray           Conj           #####.       1%          2    None
c - Dazzling Spray        Conj/Hex       ####....     1%          3    None
d - Iskenderun's Battles  Conj/Chrm      #####...     14%         5    #####..
e - Conjure Flame         Conj/Fire      ####....     3%          3    None


Dungeon Overview and Level Annotations

Branches:
Dungeon (11/15)            Temple (1/1) D:4            Lair (0/8) D:10
    Orc: D:9-12

Altars:
Ashenzari
Cheibriados
Dithmenos
Elyvilon
Fedhas
Gozag
Kikubaaqudgha
Makhleb
Nemelex Xobeh
Okawaru
Qazlal
Ru
Sif Muna
Trog
Vehumet
Xom
Yredelemnul
Zin
The Shining One

Shops:
D:4 ?

Portals:
Trove: D:10 (give 7 potions of haste)

Annotations:
IceCv exclusion: ice statue


Innate Abilities, Weirdness & Mutations

You can walk through water.
Your dull iron-grey scales are very hard (AC +12).
Your body does not fit into most forms of armour.
You can survive without breathing.
Your cold-blooded metabolism reacts poorly to cold.


Message History

The ice beast is lightly wounded.
The ice beast hits you but does no damage.
The searing ray hits the ice beast.
The ice beast is heavily wounded.
The ice beast hits you but does no damage.
The searing ray hits the ice beast.
The ice beast is almost dead.
The ice beast hits you but does no damage.
The ice beast hits you.
* * * LOW HITPOINT WARNING * * *
The ice beast freezes you!
You feel yourself slow down.
* * * LOW HITPOINT WARNING * * *
You feel yourself speed up. The ice beast barely misses you.
You see here a wolf skeleton.
There is an ice covered gate leading back out of this place here.
The ice beast hits you.
* * * LOW HITPOINT WARNING * * *
The ice beast freezes you!
You die...

###...## ##..Y...#
.# ##...##..# ###.
###...##...#
..Y####...####..##
.8.##...####...#
#...##..# #....#
#Y.# #..####Y.∩#
#..####..##@Y.##
#§§#.....#####
###Y..#.## #######


You could see 2 ice beasts.

Vanquished Creatures
  An unseen horror (D:10)
  A hill giant (D:10)
  A cyclops (D:9)
  A polar bear (IceCv)
  Grinder (D:6)
  2 trolls
  A basilisk (D:10)
  A deep elf mage (D:9)
  4 yaks
  A spriggan (D:9)
  2 hippogriffs (D:10)
  2 wolves (IceCv)
  2 water moccasins
  The ghost of lorenzova the Conjurer, an average DECj (D:4)
  5 orc warriors
  A phantom (D:4)
  4 ogres
  3 sky beasts
  2 black bears
  An ice beast (IceCv)
  A centaur (D:9)
  A crocodile (D:9)
  Sigmund (D:7)
  2 big kobolds (D:5)
  Blork the orc (D:6)
  7 giant frogs
  2 scorpions
  3 wights (D:5)
  12 killer bees
  3 crimson imps
  2 goliath beetles
  2 quasits
  3 hounds
  2 jellies
  A centaur skeleton (D:9)
  A giant frog skeleton (D:5)
  5 orc priests
  5 iguanas
  4 orc wizards
  2 worker ants
  A hound skeleton (D:9)
  Terence (D:2)
  Robin (D:3)
  7 adders
  10 gnolls
  2 shadow imps
  12 white imps (D:11)
  A giant mite (D:2)
  2 worms (D:2)
  3 adder skeletons
  2 giant geckos
  An ooze (D:5)
  37 orcs
  2 bat skeletons
  A bat zombie (D:5)
  4 giant cockroaches
  27 hobgoblins
  71 kobolds
  A ball python (D:6)
  15 bats
  2 giant gecko skeletons
  A giant gecko zombie (D:8)
  3 giant newts
  20 goblins
  18 jackals
  4 quokkas
  A quokka zombie (D:4)
  16 rats
363 creatures vanquished.

Notes
Turn   | Place    | Note
--------------------------------------------------------------
     0 | D:1      | KarvaRausku, the Draconian Conjurer, began the quest for the Orb.
     0 | D:1      | Reached XP level 1. HP: 14/14 MP: 3/3
   313 | D:1      | Reached XP level 2. HP: 10/20 MP: 1/4
  1137 | D:2      | Reached XP level 3. HP: 26/26 MP: 2/6
  1178 | D:2      | Learned a level 2 spell: Searing Ray
  1597 | D:2      | Noticed Terence
  1615 | D:2      | Killed Terence
  2218 | D:2      | Learned a level 3 spell: Dazzling Spray
  2578 | D:3      | Reached XP level 4. HP: 33/33 MP: 2/8
  2778 | D:3      | Noticed Robin
  3735 | D:3      | Killed Robin
  3735 | D:3      | Reached skill level 1 in Hexes
  3735 | D:3      | Reached XP level 5. HP: 34/38 MP: 1/11
  4063 | D:4      | Noticed lorenzova's ghost (average DECj)
  4390 | D:4      | Killed lorenzova's ghost
  4390 | D:4      | Reached XP level 6. HP: 39/45 MP: 3/14
  4510 | D:4      | Noticed an ogre
  4589 | D:4      | Killed an ogre
  4589 | D:4      | Reached skill level 5 in Conjurations
  4845 | D:4      | Found Uthruffu's Magic Scroll Boutique.
  5009 | D:4      | Found a staircase to the Ecumenical Temple.
  5083 | Temple   | Entered the Ecumenical Temple
  5399 | Temple   | Became a worshipper of Sif Muna the Loreminder
  5693 | D:4      | Learned a level 5 spell: Iskenderun's Battlesphere
  5813 | D:4      | Your scales start taking on a dull iron-grey colour.
  5813 | D:4      | Gained mutation: You can survive without breathing. [draconian maturity]
  5813 | D:4      | Reached XP level 7. HP: 47/50 MP: 9/17
  6199 | D:4      | Noticed a phantom
  6212 | D:4      | Killed a phantom
  6212 | D:4      | Reached skill level 1 in Charms
  6343 | D:5      | Entered Level 5 of the Dungeon
  6396 | D:5      | Got a warped buckler
  7231 | D:5      | Acquired Sif Muna's first power
  7231 | D:5      | Reached skill level 5 in Spellcasting
  7332 | D:5      | Reached XP level 8. HP: 52/57 MP: 11/20
  7950 | D:6      | Noticed Blork the orc
  7963 | D:6      | Killed Blork the orc
  8486 | D:6      | Acquired Sif Muna's second power
  8486 | D:6      | Reached skill level 6 in Conjurations
  8799 | D:6      | Noticed Grinder
  8816 | D:6      | Killed Grinder
  8816 | D:6      | Reached XP level 9. HP: 62/62 MP: 8/22
  9191 | D:7      | Found an ancient bone altar of Kikubaaqudgha.
  9239 | D:7      | Noticed Sigmund
  9247 | D:7      | Killed Sigmund
  9595 | D:7      | Found a bloodstained altar of Trog.
  9597 | D:7      | Found a white marble altar of Elyvilon.
  9598 | D:7      | Found a shadowy altar of Dithmenos.
  9599 | D:7      | Found an iron altar of Okawaru.
  9600 | D:7      | Found an opulent altar of Gozag.
  9602 | D:7      | Found a burning altar of Makhleb.
 10042 | D:8      | Reached skill level 5 in Charms
 10583 | D:8      | Reached skill level 7 in Spellcasting
 10942 | D:9      | Reached skill level 5 in Dodging
 11070 | D:9      | Noticed a cyclops
 11419 | D:9      | Acquired Sif Muna's third power
 11678 | D:9      | Found a shimmering altar of Xom.
 11699 | D:9      | Reached XP level 10. HP: 69/69 MP: 16/25
 11714 | D:9      | Reached skill level 5 in Stealth
 12373 | D:9      | Killed a cyclops
 12686 | D:10     | Entered Level 10 of the Dungeon
 12748 | D:10     | Found a staircase to the Lair.
 12926 | D:10     | Found a flagged portal.
 12990 | Bailey   | Entered a bailey
 13134 | Bailey   | Got a brightly glowing falchion
 13154 | Bailey   | Reached skill level 8 in Spellcasting
 13354 | Bailey   | Found a burning altar of Makhleb.
 13402 | D:10     | Found a portal to a secret trove of treasure.
 13425 | D:10     | Learned a level 3 spell: Conjure Flame
 13519 | D:10     | Noticed a hill giant
 13527 | D:10     | Killed a hill giant
 13665 | D:10     | Reached skill level 5 in Hexes
 13665 | D:10     | Reached skill level 1 in Fire Magic
 14226 | D:10     | Found a deep blue altar of Sif Muna.
 14252 | D:10     | Killed an unseen horror
 14558 | D:11     | Reached XP level 11. HP: 69/74 MP: 8/28
 14586 | D:11     | Found a frozen archway.
 14700 | IceCv    | Entered an ice cave
 14883 | IceCv    | Noticed an ice statue
 14972 | IceCv    | Slain by an ice beast

Action                   |  1- 3 |  4- 6 |  7- 9 | 10-12 || total
-------------------------+-------+-------+-------+-------++-------
Melee: Unarmed           |    81 |    34 |       |       ||   115
       Quarterstaff      |       |     6 |    91 |    23 ||   120
 Cast: Magic Dart        |    57 |   109 |   236 |   148 ||   550
       Searing Ray       |     5 |    14 |    77 |    28 ||   124
       Iskenderun's Batt |       |       |     3 |    27 ||    30
       Conjure Flame     |       |       |       |     3 ||     3
Evoke: Wand              |       |       |     5 |     1 ||     6
  Use: Scroll            |       |     7 |     1 |       ||     8
       Potion            |       |       |     1 |     3 ||     4
  Eat: Chunk             |     4 |    12 |    13 |    13 ||    42
       Meat ration       |       |       |     1 |     1 ||     2
       Pizza             |       |       |       |     1 ||     1
